 Dungeon Crawl Stone Soup version 0.28.0-45-g0d030f2227 (webtiles) character file.

Game seed: 7869189082116743564

34 Descartes the Stinger (level 3, -5/19 HPs)
             Began as a Gargoyle Venom Mage on Apr 2, 2022.
             Slain by a +3 vorpal broad axe (7 damage)
             ... created by the rancor of the Wu Jian Council
             ... on level 2 of the Dungeon.
             The game lasted 00:03:06 (1639 turns).

Descartes the Stinger (Gargoyle Venom Mage)         Turns: 1639, Time: 00:03:08

Health: -5/19      AC:  5    Str: 11    XL:     3   Next: 31%
Magic:  5/7        EV: 11    Int: 17    God:
Gold:   39         SH:  0    Dex: 10    Spells: 6/7 levels left

rFire   . . .      SeeInvis .   j - +0 mace
rCold   . . .      Faith    .   (no shield)
rNeg    + . .      Spirit   .   a - +0 robe
rPois   ∞          Reflect  .   (no helmet)
rElec   +          Harm     .   (no cloak)
rCorr   .          Rampage  .   (no gloves)
Will    .....                   (no boots)
Stlth   ++........              (no amulet)
HPRegen 0.06/turn               (no ring)
MPRegen 0.10/turn               (no ring)

@: spiked
A: sickness immunity, AC +3, negative energy resistance 1, electricity
resistance, torment resistance 1, petrification resistance
a: no special abilities


You were on level 2 of the Dungeon.
You visited 1 branch of the dungeon, and saw 2 of its levels.

You collected 39 gold pieces.

Inventory:

Hand Weapons
 b - a +0 long sword
 j - a +0 mace (weapon)
Missiles
 d - 52 arrows
 f - 30 stones
Armour
 a - a +0 robe (worn)
Scrolls
 e - 2 scrolls of teleportation {unknown}
 g - a scroll of torment {unknown}
 h - a scroll of identify {unknown}
 i - a scroll of vulnerability {unknown}
Potions
 c - a potion of curing


   Skills:
 - Level 1.5 Dodging
 - Level 2.1 Stealth
 + Level 2.8 Spellcasting
 - Level 0.7 Transmutations
 + Level 3.7 Poison Magic


You had 6 spell levels left.
You knew the following spells:

 Your Spells              Type           Power      Damage    Failure   Level
a - Sting                 Tmut/Pois      36%        1d4       7%          1

Your spell library contained the following spells:

 Spells                   Type           Power      Damage    Failure   Level
 Poisonous Vapours        Pois/Air       16%        N/A       13%         2
 Mephitic Cloud           Conj/Pois/Air  6%         N/A       32%         3
 Olgreb's Toxic Radiance  Pois           15%        N/A       36%         4


Dungeon Overview and Level Annotations

Branches:
Dungeon (2/15)

Altars:
Wu Jian


Innate Abilities, Weirdness & Mutations

You are immune to sickness and miasma.
Your stone body is resilient. (AC +3)
You are immune to poison.
You resist negative energy. (rN+)
You are resistant to electric shocks. (rElec)
You are resistant to unholy torment.
You are immune to petrification.


Message History

The sting hits the bat but does no damage.
The bat is poisoned.
The bat closely misses you.
Casting: Sting (safe; 8% risk of failure)
Confirm with . or Enter, or press ? or * to list all spells.
Aiming: Sting (safe; 8% risk of failure)
Press: ? - help, Shift-Dir - straight line, f/p - bat
Aim: a bat (moderately wounded, poisoned, 52% to hit)
The sting hits the bat.
The bat looks even sicker.
You kill the bat!
Sifu Lu Zhishen says: Die by a thousand cuts!
The divine experience confuses you!
You are confused. 5 dancing weapons come into view.
There is a +4 glaive of freezing.
There is a +0 glaive of freezing.
There is a +3 vorpal broad axe.
There is a +4 rapier of flaming.
There is a +0 vorpal rapier.
Unknown command.
Unknown command.
The barbs in your skin will harm you if you move.
Continue?
Okay, then.
It was a potion of curing.
You feel better.
The barbs in your skin will harm you if you move.
Continue? [Y]es or [N]o only, please.
The barbs in your skin will harm you if you move.
Continue? [Y]es or [N]o only, please.
The barbs in your skin will harm you if you move.
Continue?
Okay, then.
You hit the +3 vorpal broad axe but do no damage.
The +3 vorpal broad axe hits you!
Ouch! That really hurt!
* * * LOW HITPOINT WARNING * * *
The +4 glaive of freezing barely misses you.
The +0 glaive of freezing hits you but does no damage.
Casting: Sting (safe; 7% risk of failure)
Confirm with . or Enter, or press ? or * to list all spells.
Aiming: Sting (safe; 7% risk of failure)
Press: ? - help, Shift-Dir - straight line, f - +3 vorpal broad axe
Aim: a +3 vorpal broad axe (durably summoned, 97% to hit)
The sting hits the +3 vorpal broad axe.
The +3 vorpal broad axe partially resists.
The +3 vorpal broad axe is moderately damaged.
The +3 vorpal broad axe hits you!
You die...

#.###..#######
#............##
#..##...[......
#..##...####.##
#..#.†#.......
#.............
#.#.)(.#####.#
#......#.# #
#.##.#.#@#
#.#>#((...#
.....((......
.# ..#######..
.# .... .. #...
#. #


You could see 5 dancing weapons.

Vanquished Creatures
  3 dart slugs (D:1)
  5 bats
  2 endoplasms (D:1)
  2 giant cockroaches (D:1)
  4 goblins
  2 hobgoblins (D:1)
  2 kobolds (D:1)
  A quokka (D:1)
  2 frilled lizards
  A rat (D:1)
24 creatures vanquished.

Notes
Turn   | Place    | Note
-------+----------+-------------------------------------------
     0 | D:1      | Descartes the Gargoyle Venom Mage began the quest for the
                  | Orb.
     0 | D:1      | Reached XP level 1. HP: 10/10 MP: 3/3
   512 | D:1      | Reached XP level 2. HP: 15/15 MP: 1/5
  1180 | D:1      | Reached XP level 3. HP: 19/19 MP: 0/7
  1301 | D:1      | Found a faded altar of an unknown god.
  1311 | D:1      | Prayed at the altar of an unknown god.
  1311 | D:1      | Became a worshipper of the Wu Jian Council
  1311 | D:1      | Reached * piety under Wu Jian
  1312 | D:1      | Fell from the grace of Wu Jian
  1636 | D:2      | Noticed a +4 glaive of freezing
  1636 | D:2      | Noticed a +0 glaive of freezing
  1636 | D:2      | Noticed a +3 vorpal broad axe
  1636 | D:2      | Noticed a +4 rapier of flaming
  1636 | D:2      | Noticed a +0 vorpal rapier
  1639 | D:2      | Slain by a +3 vorpal broad axe

Illustrated notes

Levels and vault maps discovered:
D:1:      dpeg_arrival_rooms_with_view, layout_basic,
          hellmonk_ecumenical_altar_run_dry
D:2:      layout_loops_ring, eino_tiny_chamber, dk_noncrumbling_2,
          chequers_serial_rivers_marsh

Action                   || total
-------------------------++-------
Melee: Long sword        ||    14
       Unarmed           ||     1
       Mace              ||     2
 Cast: Sting             ||    46
Invok: Renounce Religion ||     1
  Use: Potion            ||     1
Armor: Robe              ||    15
Dodge: Dodged            ||    20
